 Dungeon Crawl Stone Soup version 0.30-a0-760-g5a9884bb7c (webtiles) character file.

Game seed: 14345151713134501358

496 Crownlay the Firebug (level 7, -2/50 HPs)
             Began as a Hill Orc Fire Elementalist on Feb 11, 2023.
             Slain by Pikel
             ... wielding a +2 whip of freezing
              (4 damage)
             ... on level 4 of the Dungeon.
             The game lasted 00:09:13 (4904 turns).

Crownlay the Firebug (Hill Orc Fire Elementalist)   Turns: 4904, Time: 00:09:14

Health: -2/50      AC:  5    Str: 11    XL:     7   Next: 15%
Magic:  3/9        EV: 12    Int: 17    God:
Gold:   174        SH:  5    Dex: 11    Spells: 3/9 levels left

rFire   . . .      SeeInvis .    e - +0 short sword (speed)
rCold   . . .      Faith    .    (no shield)
rNeg    . . .      Spirit   .    l - +2 robe {Will+}
rPois   .          Reflect  +    (no helmet)
rElec   .          Harm     .    (no cloak)
rCorr   .          Rampage  .    f - +0 pair of gloves
Will    +....                    (no boots)
Stlth   ++                       g - amulet of reflection
HPRegen 0.28/turn                (no ring)
MPRegen 0.11/turn                (no ring)

@: very slightly contaminated
A: no striking features
a: no special abilities


You were on level 4 of the Dungeon.
You visited 1 branch of the dungeon, and saw 5 of its levels.

You collected 174 gold pieces.

Inventory:

Hand Weapons
 e - a +0 short sword of speed (weapon)
 i - a +1 rapier of holy wrath
Armour
 f - a +0 pair of gloves (worn)
 l - a +2 robe of willpower (worn)
Jewellery
 g - an amulet of reflection (around neck)
Wands
 n - a wand of digging (2)
Scrolls
 a - a scroll of magic mapping {unknown}
 c - a scroll of poison
 d - 2 scrolls of teleportation
 h - a scroll of brand weapon
 p - a scroll of identify
Potions
 j - 2 potions of curing
 k - a potion of heal wounds {unknown}
 m - a potion of brilliance {unknown}
 o - a potion of haste


   Skills:
 - Level 1.5 Dodging
 - Level 1.5 Stealth
 - Level 1.5 Spellcasting
 + Level 3.7 Conjurations
 + Level 3.5 Summonings
 + Level 6.3 Fire Magic


You had 3 spell levels left.
You knew the following spells:

 Your Spells              Type           Power      Damage    Failure   Level
a - Foxfire               Conj/Fire      72%        2x1d7     2%          1
b - Scorch                Fire           44%        2d7       2%          2
c - Inner Flame           Hex/Fire       12%        N/A       17%         3

Your spell library contained the following spells:

 Spells                   Type           Power      Damage    Failure   Level
 Freeze                   Ice            4%         1d3       21%         1
 Ignite Poison            Fire/Tmut/Pois 8%         N/A       26%         3
 Kindle Blastsparks       Fire/Tloc/Air  16%        2d11      26%         3
 Hailstorm                Conj/Ice       7%         3d4       28%         3
 Frozen Ramparts          Ice            2%         1d1       52%         3
 Flame Wave               Conj/Fire      18%        2d7       26%         4
 Ice Form                 Ice/Tmut       1%         N/A       90%         4
 Freezing Cloud           Conj/Ice/Air   2%         6-21      98%         5
 Simulacrum               Ice/Necr       0%         N/A       100%        6
 Summon Cactus Giant      Summ           6%         N/A       100%        6


Dungeon Overview and Level Annotations

Branches:
Dungeon (5/15)
 Temple: D:4-7

Altars:
Dithmenos
Fedhas
Hepliaklqana
Makhleb
Nemelex Xobeh
Yredelemnul
Zin
The Shining One

Shops:
D:1 =   D:3 (

Annotations:
D:4 Pikel


Message History

Pikel hits you with a +2 whip of freezing.
Pikel freezes you. Magic courses through your body.
Pikel hits you with a +2 whip of freezing!
Pikel freezes you.
Casting: Inner Flame (dangerous; 17% risk of failure)
Confirm with . or Enter, or press ? or * to list all spells.
Aiming: Inner Flame (dangerous; 17% risk of failure)
Press: ? - help, Dir - move target, f/p - Pikel
Aim: Pikel, wielding a +2 whip of freezing and wearing a +1 robe of the Archmagi (lightly wounded, chance to affect: 64%) Pikel struggles to resist.
Pikel hits you with a +2 whip of freezing!
* * * LOW HITPOINT WARNING * * *
Pikel freezes you.
* * * LOW HITPOINT WARNING * * *
Casting: Inner Flame (dangerous; 17% risk of failure)
Confirm with . or Enter, or press ? or * to list all spells.
Okay, then.
It was a potion of curing.
You feel better. You block Pikel's attack.
Casting: Inner Flame (dangerous; 17% risk of failure)
Confirm with . or Enter, or press ? or * to list all spells.
You conjure some foxfire!
Pikel hits you with a +2 whip of freezing!
* * * LOW HITPOINT WARNING * * *
Pikel freezes you.
* * * LOW HITPOINT WARNING * * *
Casting: Foxfire (safe; 2% risk of failure)
Confirm with . or Enter, or press ? or * to list all spells.
Flames lash Pikel but do no damage.
The foxfire hits Pikel.
Pikel is lightly wounded.
The foxfire hits Pikel but does no damage.
Pikel is lightly wounded.
Pikel closely misses you.
Casting: Scorch (safe; 2% risk of failure)
Confirm with . or Enter, or press ? or * to list all spells.
You conjure some foxfire!
Pikel hits you with a +2 whip of freezing!
* * * LOW HITPOINT WARNING * * *
Pikel freezes you.
You die...

#...###........#
#....##.......##
#..............#
##.............#####
##..#............#..##
####..##................##
##.....##..............###.
#........v§............#...
##.......v@...........##...
##.......K...........##...
#..#..................#..
###.#.....................
#............>............
##........[....#.##.......
#.............##.........
#..#..........##.........
####....#.....#..........


You could see Pikel (ally target).

Vanquished Creatures
  Sigmund (D:3)
  A howler monkey (D:4)
  4 iguanas
  3 orc wizards (D:3)
  4 adders (D:2)
  A shadow imp (D:3)
  3 worms
  2 dart slugs
  2 orcs (D:3)
  6 endoplasms
  2 giant cockroaches
  4 goblins
  6 hobgoblins
  5 kobolds
  4 quokkas
  5 ball pythons
  6 bats
  2 frilled lizards (D:1)
  5 rats
66 creatures vanquished.

Vanquished Creatures (others)
  278 foxfires
278 creatures vanquished.

Grand Total: 344 creatures vanquished

Notes
Turn   | Place    | Note
-------+----------+-------------------------------------------
     0 | D:1      | Crownlay the Hill Orc Fire Elementalist began the quest for
                  | the Orb.
     0 | D:1      | Reached XP level 1. HP: 14/14 MP: 3/3
   129 | D:1      | Found Plog's Jewellery Emporium.
   453 | D:1      | Reached XP level 2. HP: 16/20 MP: 1/4
   508 | D:1      | Reached skill level 4 in Fire Magic
  1081 | D:2      | Reached XP level 3. HP: 20/26 MP: 1/5
  1084 | D:2      | Learned a level 2 spell: Scorch
  1466 | D:2      | Reached skill level 1 in Summonings
  1466 | D:2      | Reached skill level 5 in Fire Magic
  1466 | D:2      | Reached XP level 4. HP: 18/33 MP: 0/6
  2493 | D:3      | Noticed Sigmund
  2933 | D:3      | Learned a level 3 spell: Inner Flame
  3021 | D:3      | Killed Sigmund
  3022 | D:3      | Reached XP level 5. HP: 21/38 MP: 0/7
  3022 | D:3      | Reached XP level 6. HP: 25/45 MP: 0/8
  3351 | D:3      | Found Lizic's Weapon Shoppe.
  3558 | D:3      | Found a basalt altar of Yredelemnul.
  3559 | D:3      | Found a shadowy altar of Dithmenos.
  3565 | D:3      | Found a blossoming altar of Fedhas.
  3567 | D:3      | Found a hazy altar of Hepliaklqana.
  3568 | D:3      | Found a sparkling altar of Nemelex Xobeh.
  3570 | D:3      | Found a glowing golden altar of the Shining One.
  3574 | D:3      | Found a glowing silver altar of Zin.
  3936 | D:3      | Reached skill level 6 in Fire Magic
  4186 | D:3      | Reached XP level 7. HP: 30/50 MP: 2/9
  4627 | D:4      | Found a burning altar of Makhleb.
  4797 | D:5      | Entered Level 5 of the Dungeon
  4859 | D:5      | Noticed Pikel
  4904 | D:4      | HP: 2/50 [Pikel/+2 whip of freezing (8)]
  4904 | D:4      | Slain by Pikel

Illustrated notes

Levels and vault maps discovered:
D:1:      wander_arrival_desolate, layout_loops_ring, serial_shops, shop,
          minmay_tromino_i2
D:2:      layout_basic
D:3:      layout_basic, nicolae_overflow_hallway_of_the_gods, serial_shops,
          shop, uniq_sigmund
D:4:      layout_cave_pools, lemuel_crystal_altar
D:5:      layout_basic, minmay_temple_entry_offerings, uniq_pikel, uniq_edmund,
          uniq_ijyb

Skill      XL: |  1  2  3  4  5  6 |
---------------+-------------------+-----
Fire Magic     | 4 5 6 |  6.3
Summonings     | 1 2 3 |  3.5
Conjurations   | 3 |  3.7
Dodging        | |  1.5
Stealth        | |  1.5
Spellcasting   | |  1.5

Action                     |  1- 3 |  4- 6 |  7- 9 || total
---------------------------+-------+-------+-------++-------
  Melee: Short sword       |    26 |    82 |     8 ||   116
   Cast: Foxfire           |    58 |    89 |    21 ||   168
         Scorch            |       |     5 |     2 ||     7
         Inner Flame       |       |       |     2 ||     2
    Use: Scroll            |     3 |       |       ||     3
         Potion            |       |       |     2 ||     2
   Stab: Sleeping          |       |     1 |       ||     1
 Armour: Robe              |     3 |    36 |       ||    39
  Dodge: Dodged            |    12 |    33 |     5 ||    50
  Block: Other             |     5 |    20 |     3 ||    28
         Reflection        |       |     1 |       ||     1

Table legend: (Time is in decaauts)
 A = Elapsed time spent in this place.
 B = Non-inter-level travel time spent in this place.
 C = Inter-level travel time spent in this place.
 D = Time resting spent in this place.
 E = Time spent auto-exploring this place.
 F = Levels seen in this place.
 G = Mean time per level.
                   A        B        C        D        E       F      G
               +--------+--------+--------+--------+--------+-----+--------+
         Total |   4865 |   4740 |    125 |      0 |   4086 |   5 |  973.0 |
       Dungeon |   4865 |   4740 |    125 |      0 |   4086 |   5 |  973.0 |
               +--------+--------+--------+--------+--------+-----+--------+

Top non-repeatable levels by time:
     D:3: 1576 daAuts
     D:2: 1561 daAuts
     D:1: 1051 daAuts
     D:4: 582 daAuts
     D:5: 93 daAuts
